 Dungeon Crawl Stone Soup version 0.16.1-16-gc44b35d (webtiles) character file.

560 KarvaRausku the Chopper (level 7, 0/52 HPs)
             Began as a Human Fighter on Apr 14, 2015.
             Slain by Menkaure (18 damage)
             ... on level 4 of the Dungeon on Apr 15, 2015.
             The game lasted 00:11:50 (4368 turns).

KarvaRausku the Chopper (Human Fighter)             Turns: 4368, Time: 00:11:50

Health: 0/52       AC: 14    Str: 19    XL:     7   Next: 57%
Magic:  7/7        EV:  3    Int:  8    God:
Gold:   179        SH:  9    Dex: 12    Spells: 0 memorised, 6 levels left

rFire  . . .     SeeInvis .     a - +0 war axe
rCold  . . .     Clarity  .     y - +1 plate armour
rNeg   . . .     SustAb   .     c - +0 shield
rPois  .         Gourm    .     i - +1 hat
rElec  .         Spirit   .     (no cloak)
rCorr  .         Warding  .     h - +0 pair of gloves
rMut   .         Stasis   .     (no boots)
MR     .....                    (no amulet)
Stlth  ..........               m - ring of stealth
                                (no ring)

@: not resistant to hostile enchantments, extremely unstealthy
A: no striking features
a: no special abilities


You were on level 4 of the Dungeon.
You were not hungry.

You visited 1 branch of the dungeon, and saw 4 of its levels.

You collected 179 gold pieces.

Inventory:

Hand weapons
 a - a +0 war axe (weapon)
 g - a +0 spear
 p - a +1 flail of protection
 A - a +0 war axe
Armour
 b - a +0 scale mail
 c - a +0 shield (worn)
 h - a +0 pair of gloves (worn)
 i - a +1 hat (worn)
 u - a +0 scale mail
 y - a +1 plate armour (worn)
Jewellery
 m - a ring of stealth (right hand)
 r - an uncursed ring of poison resistance {unknown}
Magical devices
 n - a wand of magic darts (6)
 w - a wand of slowing (0)
Scrolls
 j - a scroll of identify
 o - 2 scrolls of blinking
 x - a scroll of fear
Potions
 e - a potion of might
 f - a potion of haste
 k - a potion of degeneration {unknown}
 t - a potion of agility
 v - a potion of cancellation {unknown}
 B - a potion of curing {unknown}
 C - a potion of ambrosia {unknown}
Books
 q - a book of the Earth

   Spells                             Type                      Level
   a - Leda's Liquefaction            Hexes/Earth                  4
   b - Bolt of Magma                  Conjuration/Fire/Earth       5
   c - Statue Form                    Transmutation/Earth          6
   d - Iron Shot                      Conjuration/Earth            6
   e - Shatter                        Earth                        9
Comestibles
 d - 2 bread rations
 l - 3 slices of pizza
 s - a meat ration


   Skills:
 - Level 3.0 Fighting
 + Level 7.8 Axes
 - Level 3.0 Armour
 - Level 3.0 Shields


You had 6 spell levels left.
You didn't know any spells.

Dungeon Overview and Level Annotations

Branches:
Dungeon (4/15)
 Temple: D:4-7

Altars:
Makhleb
Ru
Zin

Annotations:
D:4 Kiel97's ghost, average HOFi; Menkaure


Message History

You kill the jelly!
No target in view!
Menkaure, Prince of Dust comes into view.
Menkaure is nearby!
Menkaure hits you!
You slash Menkaure!
Menkaure is heavily damaged.
Menkaure barely misses you.
Your shield prevents you from hitting Menkaure.
Menkaure is heavily damaged.
Menkaure gestures wildly while chanting.
Menkaure seems to speed up.
You barely miss Menkaure.
Menkaure is heavily damaged.
Menkaure hits you!
You slash Menkaure!
Menkaure is almost destroyed.
Menkaure screams, "Why can't you leave me to my rest?"
Menkaure hits you!!
You die...

#
##...........
# .#
#..#.####.#.
.. #.##... ..
.. #.##.....
.. #.
#.##...#..#..#
# #. #.##...(
. ...# #.
#.#####.. #.#
#M##+#####.#
#..
#.@........#
#.###
#.........##
#....
#.........#
#####
#.........#
#.........#
#.........#
#......... #
#........ ..
..... ..


You could see Menkaure.

Vanquished Creatures
  2 phantoms (D:4)
  Blork the orc (D:4)
  2 jellies (D:4)
  An orc wizard (D:2)
  A worker ant (D:4)
  Terence (D:3)
  3 gnolls
  5 adders
  A giant mite (D:2)
  A worm (D:2)
  6 giant geckos
  3 orcs (D:3)
  A ball python (D:4)
  12 bats
  5 giant cockroaches
  11 goblins
  12 hobgoblins
  5 giant newts
  6 jackals
  10 kobolds
  A quokka (D:2)
  10 rats
100 creatures vanquished.

Notes
Turn   | Place    | Note
--------------------------------------------------------------
     0 | D:1      | KarvaRausku, the Human Fighter, began the quest for the Orb.
     0 | D:1      | Reached XP level 1. HP: 18/18 MP: 1/1
    60 | D:1      | Reached XP level 2. HP: 18/24 MP: 2/2
   107 | D:1      | HP: 1/24 [jackal (1)]
   465 | D:1      | Reached XP level 3. HP: 21/29 MP: 3/3
  1127 | D:2      | Found a sacrificial altar of Ru.
  1137 | D:2      | Reached skill level 4 in Axes
  1137 | D:2      | Reached XP level 4. HP: 35/35 MP: 4/4
  1445 | D:2      | Reached XP level 5. HP: 38/41 MP: 5/5
  1528 | D:2      | Found a glowing silver altar of Zin.
  1735 | D:2      | Reached skill level 5 in Axes
  1930 | D:3      | Noticed Terence
  1933 | D:3      | Found a burning altar of Makhleb.
  1939 | D:3      | Killed Terence
  2836 | D:4      | Noticed a phantom
  3158 | D:4      | Killed a phantom
  3158 | D:4      | Reached skill level 6 in Axes
  3158 | D:4      | Reached XP level 6. HP: 14/47 MP: 6/6
  3496 | D:4      | Noticed Kiel97's ghost (average HOFi)
  3566 | D:3      | Upgraded the game from 0.16.1-14-g82efdee to 0.16.1-16-gc44b35d
  3804 | D:4      | Noticed Blork the orc
  3829 | D:4      | Killed Blork the orc
  3946 | D:4      | Reached XP level 7. HP: 38/52 MP: 7/7
  4016 | D:4      | Reached skill level 7 in Axes
  4232 | D:4      | Noticed a phantom
  4269 | D:4      | Killed a phantom
  4364 | D:4      | Noticed Menkaure
  4368 | D:4      | Slain by Menkaure

Action                   |  1- 3 |  4- 6 |  7- 9 || total
-------------------------+-------+-------+-------++-------
Melee: War axe           |   108 |   223 |    60 ||   391
       Spear             |       |    90 |       ||    90
Evoke: Wand              |       |     4 |       ||     4
  Use: Scroll            |       |     9 |       ||     9
 Stab: Paralysed         |     1 |       |       ||     1
       Fleeing           |       |     1 |       ||     1
  Eat: Chunk             |       |    11 |     1 ||    12
